 Dungeon Crawl Stone Soup version 0.26.1-11-gd32895ea62 (webtiles) character file.

Game seed: 14737919052948720704

98 infcreate the Sneak (level 4, 25/25 HPs)
             Began as a Vampire Enchanter on May 18, 2021.
             Quit the game on level 3 of the Dungeon.
             The game lasted 00:05:11 (2214 turns).

infcreate the Sneak (Vampire Enchanter)             Turns: 2214, Time: 00:05:12

Health: 25/25      AC:  2    Str:  7    XL:     4   Next: 44%
Magic:  7/7        EV: 13    Int: 17    God:
Gold:   145        SH:  0    Dex: 15    Spells: 1/7 levels left

rFire    . . .     SeeInvis +   a - +1 dagger
rCold    + + .     Faith    .   (no shield)
rNeg     + + +     Spirit   .   b - +0 robe
rPois    ∞         Reflect  .   (no helmet)
rElec    .         Harm     .   (no cloak)
rCorr    +         Rampage  .   (no gloves)
Will     .....                  (no boots)
Stlth    +++++.....             (no amulet)
HPRegen  0.08/turn              R - ring of resist corrosion
MPRegen  0.10/turn              (no ring)

@: bloodless
A: fangs 3, see invisible, unbreathing
a: Bat Form, Revivify


You were on level 3 of the Dungeon.
You visited 1 branch of the dungeon, and saw 3 of its levels.

You collected 145 gold pieces.


Innate Abilities, Weirdness & Mutations

You do not regenerate when monsters are visible.
You are frail without blood (-20% HP).
You can heal yourself when you bite living creatures.
You are immune to poison.
You have razor-sharp teeth.
You have supernaturally acute eyesight. (SInv)
You can survive without breathing.


   Skills:
 + Level 1.0 Fighting
 * Level 2.4 Short Blades
 + Level 2.7 Dodging
 * Level 5.7 Stealth
 + Level 2.3 Spellcasting
 + Level 4.9 Hexes


You had one spell level left.
You knew the following spells:

 Your Spells              Type           Power        Failure   Level
c - Corona                Hex            20%          2%          1
e - Ensorcelled Hibernat  Hex/Ice        20%          11%         2
t - Confusing Touch       Hex            18%          8%          3

Your spell library contained the following spells:

 Spells                   Type           Power        Failure   Level
 Shock                    Conj/Air       4%           19%         1
 Tukima's Dance           Hex            18%          8%          3
 Dazzling Flash           Conj/Hex       20%          21%         3

Inventory:

Hand Weapons
 a - a +1 dagger (weapon)
Armour
 b - a +0 robe (worn)
Jewellery
 R - a ring of resist corrosion (left hand)
Scrolls
 e - a scroll of magic mapping
 f - 2 scrolls of identify {@r1}
 g - a scroll of fog {unknown}
 i - a scroll of amnesia {unknown}
Potions
 c - a potion of berserk rage {unknown}
 d - a potion of cancellation {unknown}
 h - a potion of curing {unknown}
 j - a potion of ambrosia {unknown}

Dungeon Overview and Level Annotations

Branches:
Dungeon (3/15)

Altars:
Sif Muna
Trog

,* ####### ,* #.....# ,*
#..†..#
*********####.....#********
,,,,,,,...........+,,,,,,>*
*******.####......######*,*
**** *,* #...........#*,*
,,,* *,* #...........#*,*
**,****,* #....@......#*,*
**,,,,,,* #.[.........#*,*
,,,,,**** #...........#*,*
,,,,,* #...........#*,*
,,,,,*
#...........#*,*******
,,,,,*
#############*,,,,,,,,
,,,,,***** *********
,,,,,,,,,* *,*,* ,,,,****,*
*,,,*


There were no monsters in sight!


Message History

You open the door. You open the door.
There is an open door here.
There is a stone staircase leading down here.
You open the door.
Found a stone staircase leading up.
Found 13 gold pieces.
You now have 132 gold pieces (gained 13).
There is a stone staircase leading down here.
Done exploring.
Done exploring.
There is a stone staircase leading down here.
You climb downwards.
A bat and a giant cockroach come into view.
Found a leather armour, 13 gold pieces and a sapphire potion.
There is a stone staircase leading up here.
There is a stone staircase leading up here.
The helpless giant cockroach fails to defend itself.
You impale the giant cockroach!!
You kill the giant cockroach!
The helpless bat fails to defend itself.
You bite the bat, and draw its blood! You impale the bat!!
You kill the bat!
j - a sapphire potion You now have 145 gold pieces (gained 13).
There is a stone staircase leading up here.
As you read the scroll labelled MEIFIF SYWUXA, it crumbles to dust.
You feel aware of your surroundings.
You sensed 1 altar.
It was a scroll of magic mapping.
Are you sure you want to abandon this character and quit the game? (Confirm with "yes".)

Skill      XL: |  1  2  3  4 |
---------------+-------------+-----
Stealth        | 5 |  5.7
Short Blades   | 2 |  2.4
Fighting       | 1 |  1.0
Dodging        | |  2.7
Spellcasting   | |  2.3
Hexes          | |  4.9

Action                   |  1- 3 |  4- 6 || total
-------------------------+-------+-------++-------
Melee: Dagger            |    51 |     9 ||    60
       Bite              |     2 |     1 ||     3
 Cast: Corona            |    22 |       ||    22
       Ensorcelled Hiber |    17 |     4 ||    21
       Confusing Touch   |       |     2 ||     2
 Abil: Exsanguinate      |     1 |       ||     1
  Use: Scroll            |     3 |     1 ||     4
 Stab: Sleeping          |    17 |     4 ||    21
       Confused          |       |     1 ||     1
Armor: Robe              |     4 |       ||     4
Dodge: Dodged            |    30 |     1 ||    31

Levels and vault maps discovered:
D:1:      dpeg_arrival_triangle_fractal, layout_basic
D:2:      layout_basic, nzn_overflow_gifts_of_might_and_magic
D:3:      layout_basic, lemuel_round_altar

Notes
Turn   | Place    | Note
-------+----------+-------------------------------------------
     0 | D:1      | infcreate the Vampire Enchanter began the quest for the
                  | Orb.
     0 | D:1      | Reached XP level 1. HP: 13/13 MP: 3/3
   346 | D:1      | Reached XP level 2. HP: 15/15 MP: 5/5
   361 | D:1      | Learned a level 2 spell: Ensorcelled Hibernation
   641 | D:1      | Reached skill level 5 in Stealth
   672 | D:1      | Reached XP level 3. HP: 20/20 MP: 0/6
   740 | D:1      | Learned a level 3 spell: Confusing Touch
   844 | D:1      | Reached skill level 2 in Short Blades
  1444 | D:2      | Found a bloodstained altar of Trog.
  1457 | D:2      | Found a shimmering blue altar of Sif Muna.
  1738 | D:2      | Reached XP level 4. HP: 24/24 MP: 3/7
  1748 | D:2      | Reached skill level 1 in Fighting
  2032 | D:2      | Identified Sif Muna's Collected Works on Air
  2214 | D:3      | Quit the game

Vanquished Creatures
  5 gnolls
  An adder (D:2)
  A white imp (D:2)
  An ooze (D:1)
  A dart slug (D:1)
  A leopard gecko (D:1)
  3 bats
  5 giant cockroaches
  A goblin (D:2)
  4 hobgoblins (D:1)
  2 kobolds
  2 frilled lizards (D:1)
  4 rats
31 creatures vanquished.

Table legend: (Time is in decaauts)
 A = Elapsed time spent in this place.
 B = Non-inter-level travel time spent in this place.
 C = Inter-level travel time spent in this place.
 D = Time resting spent in this place.
 E = Time spent auto-exploring this place.
 F = Levels seen in this place.
 G = Mean time per level.
                   A        B        C        D        E       F      G
               +--------+--------+--------+--------+--------+-----+--------+
         Total |   2208 |   2169 |     39 |    111 |   1572 |   3 |  736.0 |
       Dungeon |   2208 |   2169 |     39 |    111 |   1572 |   3 |  736.0 |
               +--------+--------+--------+--------+--------+-----+--------+

Top non-repeatable levels by time:
     D:1: 1274 daAuts
     D:2: 905 daAuts
     D:3: 29 daAuts

Table legend:
 A = Non-vault XP
 B = Vault XP
 C = Vault XP percentage of total XP
 D = Non-vault monster count
 E = Vault monster count
 F = Vault count percentage of total count
                 A         B        C        D         E       F
            +---------+---------+-------+---------+---------+-------
      Total |     117 |      24 |  17.0 |      29 |       2 |   6.5
            +---------+---------+-------+---------+---------+-------
        D:1 |      51 |       0 |   0.0 |      18 |       0 |   0.0
        D:2 |      62 |      24 |  27.9 |       9 |       2 |  18.2
        D:3 |       4 |       0 |   0.0 |       2 |       0 |   0.0
            +---------+---------+-------+---------+---------+-------
